[Event "Monday 15 January Rapid Engine Tour 12+1 Rounds 9 Starts 1600 ST"]
[Site "Infinity Chess"]
[Date "2018.1.15"]
[Round "4"]
[White "Marsell"]
[Black "Vimtiroba"]
[Result "1/2-1/2"]
[ECO "C53"]
[WhiteElo "2487"]
[BlackElo "2470"]
[WhiteEngine "asmFishW_2018-01-11_popcnt"]
[BlackEngine "Corchess 2.0_CTG"]
[EventType "Swiss"]
[WhiteTeam ""]
[BlackTeam ""]
[PlyCount "159"]
[TimeControl "720+1"]

1. e4 e5 2. Nf3 Nc6 3. Bc4 Bc5 4. c3 Nf6 5. d3 d6 6. O-O a5 7. Bg5 h6 8. Bh4 Ba7 
9. Nbd2 g5 10. Bg3 O-O 11. a3 Rb8 12. Ba2 b5 13. a4 b4 14. Bc4 Kg7 15. Bb5 Ne7 
16. d4 Nh5 17. dxe5 Nxg3 18. hxg3 dxe5 19. Nxe5 c6 20. Nxc6 Nxc6 21. Bxc6 bxc3 
22. bxc3 Qc7 23. Bd5 Qxg3 24. Qf3 Qxf3 25. Nxf3 Rb2 26. Nd4 Ba6 27. Nf5+ Kg6 
28. c4 Bc5 29. Rad1 Rc8 30. g4 Rb4 31. Rc1 Bf8 32. Ne3 Rxa4 33. e5 Rb4 
34. Ra1 a4 35. Rfc1 Kg7 36. Kg2 Rc7 37. Nf5+ Kg6 38. Nd6 Rc5 39. Bxf7+ Kg7 
40. Bd5 Bxd6 41. exd6 Bxc4 42. Bxc4 Rbxc4 43. Rxc4 Rxc4 44. Rd1 Rc8 45. d7 Rd8 
46. Rd3 Kf6 47. Kf3 Ke6 48. Rd4 a3 49. Ra4 Rxd7 50. Rxa3 Rf7+ 51. Kg3 Rf6 
52. f3 Kf7 53. Ra7+ Kg6 54. Ra5 Rb6 55. Kg2 Kf6 56. Kh3 Kg7 57. Kg3 Kf7 
58. Ra4 Rc6 59. Ra7+ Ke6 60. Rh7 Ke5 61. Re7+ Kf6 62. Ra7 Rb6 63. Kh3 Rb4 
64. Ra6+ Kg7 65. Kg2 Rb2+ 66. Kg3 Rb7 67. Ra5 Rd7 68. Kh3 Rd2 69. Ra6 Rd3 
70. Kg3 Rd7 71. Ra5 Rb7 72. Ra4 Rb6 73. Ra3 Rd6 74. Re3 Rd7 75. Ra3 Rc7 
76. Ra1 Rf7 77. Kf2 Rc7 78. Kg3 Rf7 79. Ra5 Rc7 80. Ra1 1/2-1/2

[Event "Monday 15 January Rapid Engine Tour 12+1 Rounds 9 Starts 1600 ST"]
[Site "Infinity Chess"]
[Date "2018.1.15"]
[Round "4"]
[White "Katzenmaier"]
[Black "Harry_Potter"]
[Result "1/2-1/2 "]
[ECO "C26"]
[WhiteElo "2479"]
[BlackElo "2509"]
[WhiteEngine "S_XPrO.251117.x64.POPCNT_CTG"]
[BlackEngine "Stockfish_18011309_x64_bmi2_CTG"]
[EventType "Swiss"]
[WhiteTeam ""]
[BlackTeam ""]
[PlyCount "126"]
[TimeControl "720+1"]

1. e4 e5 2. Nc3 Nf6 3. g3 d5 4. exd5 Nxd5 5. Bg2 Nxc3 6. bxc3 Bc5 7. Nf3 Nc6 
8. O-O O-O 9. d3 Bg4 10. Qe2 Bb6 11. a4 f6 12. Qe4 Qd7 13. Nd2 Be6 14. Nc4 Bc5 
15. Rb1 Rab8 16. Be3 Bxe3 17. Nxe3 f5 18. Qf3 Kh8 19. Rfe1 f4 20. gxf4 exf4 
21. Nf1 Ba2 22. Ra1 Bg8 23. Qh3 Qf7 24. Nd2 Rbe8 25. Be4 Qf6 26. d4 Nd8 
27. Qg4 Be6 28. Qh5 g6 29. Qc5 b6 30. Qxc7 Re7 31. Qe5 Qxe5 32. dxe5 Nf7 
33. Bd3 Rc8 34. a5 Rxc3 35. axb6 axb6 36. Ra4 Rc5 37. Rxf4 Nxe5 38. h4 Kg7 
39. Rb4 b5 40. f4 Nxd3 41. cxd3 Rd5 42. Kf2 Rxd3 43. Nf3 Rdd7 44. Rxb5 Bf5 
45. Rxe7+ Rxe7 46. h5 Bd3 47. Re5 Rxe5 48. Nxe5 Bf5 49. hxg6 hxg6 50. Nc4 Kf8 
51. Ne3 Bd7 52. Nd1 Be6 53. f5 Bxf5 54. Ne3 Kg7 55. Nd1 Bd7 56. Nb2 Bg4 
57. Nc4 g5 58. Nb2 Bf5 59. Nd1 Be6 60. Nb2 g4 61. Kg3 Kf6 62. Nd1 Kf5 
63. Nb2 Ba2 1/2-1/2

[Event "Monday 15 January Rapid Engine Tour 12+1 Rounds 9 Starts 1600 ST"]
[Site "Infinity Chess"]
[Date "2018.1.15"]
[Round "4"]
[White "THE_MACHINE"]
[Black "hafaba"]
[Result "1/2-1/2"]
[ECO "B00"]
[WhiteElo "2497"]
[BlackElo "2405"]
[WhiteEngine "Houdini 6"]
[BlackEngine "Stockfish SL 07012018 POPCNT_CTG"]
[EventType "Swiss"]
[WhiteTeam ""]
[BlackTeam ""]
[PlyCount "156"]
[TimeControl "720+1"]

1. e4 Nc6 2. d4 d5 3. e5 Bf5 4. c3 e6 5. Nf3 f6 6. Bb5 Nge7 7. exf6 gxf6 
8. Nh4 Bg6 9. O-O Qd7 10. Nd2 Nf5 11. Ndf3 O-O-O 12. Nxf5 Bxf5 13. Nh4 Be4 
14. Bf4 Kb8 15. Qa4 a6 16. Bxc6 Qxc6 17. Qxc6 bxc6 18. f3 Bg6 19. Nxg6 hxg6 
20. Rfe1 Re8 21. c4 Bg7 22. Re2 Kc8 23. Rc2 g5 24. Be3 Bf8 25. Bf2 f5 
26. Rac1 Bd6 27. Bg3 f4 28. Bf2 Kd7 29. b3 Ba3 30. Rd1 a5 31. Re2 a4 
32. bxa4 Ra8 33. c5 Rxa4 34. Re5 Rg8 35. Re2 Bb4 36. Rd3 Rga8 37. Rb3 Re8 
38. Re5 Rg8 39. g4 fxg3 40. hxg3 Ba5 41. Re2 g4 42. fxg4 Rxg4 43. Rf3 Rg7 
44. Rf6 Bc3 45. Rf4 Re7 46. Kg2 Ba1 47. Rh4 Rf7 48. Rc2 Kc8 49. Re2 Rf8 
50. Be3 Re8 51. Bf2 Kd8 52. Be3 Kd7 53. Bf2 Re7 54. Be3 Rg7 55. Bf2 Re7 
56. Be3 Ra3 57. Bh6 Rh7 58. Bc1 Rxh4 59. gxh4 Ra4 60. Be3 Bxd4 61. Bxd4 Rxd4 
62. Kg3 Rc4 63. h5 Rxc5 64. Rh2 Ra5 65. h6 Ra8 66. a4 c5 67. a5 Kc6 68. a6 Kb6 
69. a7 Rg8+ 70. Kf4 Kxa7 71. h7 Rh8 72. Ke5 d4 73. Kxe6 d3 74. Kd5 d2 
75. Rxd2 Rxh7 76. Ra2+ Kb6 77. Rb2+ Ka7 78. Ra2+ Kb7 1/2-1/2

[Event "Monday 15 January Rapid Engine Tour 12+1 Rounds 9 Starts 1600 ST"]
[Site "Infinity Chess"]
[Date "2018.1.15"]
[Round "4"]
[White "Neoxium"]
[Black "OlivierEvan"]
[Result "1/2-1/2"]
[ECO "D85"]
[WhiteElo "2475"]
[BlackElo "2413"]
[WhiteEngine "SF SL FA-IDeA"]
[BlackEngine "Houdini 6"]
[EventType "Swiss"]
[WhiteTeam ""]
[BlackTeam ""]
[PlyCount "90"]
[TimeControl "720+1"]

1. d4 Nf6 2. c4 g6 3. Nc3 d5 4. cxd5 Nxd5 5. e4 Nxc3 6. bxc3 Bg7 7. Be3 c5 
8. Nf3 Qa5 9. Qd2 Nc6 10. Rb1 cxd4 11. cxd4 Qxd2+ 12. Kxd2 O-O 13. Bd3 e6 
14. Rhc1 Rd8 15. Rc4 h6 16. h4 Bd7 17. Rc2 Be8 18. Rxb7 Nxd4 19. Nxd4 Bxd4 
20. Bxd4 Rxd4 21. Ke3 Ra4 22. Rbc7 a6 23. R7c4 Ra3 24. R4c3 Ra4 25. Rb2 Ra5 
26. Bc2 Ba4 27. Ra3 Rb5 28. Rb1 Rc8 29. Rxb5 Bxb5 30. Kd2 Rd8+ 31. Ke3 Rc8 
32. Ba4 Kg7 33. f3 Kf6 34. f4 Bf1 35. g3 g5 36. hxg5+ hxg5 37. Bd1 Bb5 
38. Ba4 Kg6 39. Bxb5 axb5 40. Rb3 f5 41. exf5+ exf5 42. fxg5 Kxg5 43. a3 Kg4 
44. Rxb5 Rc3+ 45. Kd2 Rxg3 1/2-1/2

[Event "Monday 15 January Rapid Engine Tour 12+1 Rounds 9 Starts 1600 ST"]
[Site "Infinity Chess"]
[Date "2018.1.15"]
[Round "4"]
[White "angriff"]
[Black "Thinker"]
[Result "1-0"]
[ECO "C50"]
[WhiteElo "2459"]
[BlackElo "2475"]
[WhiteEngine "SF_64BIT_POPCNT_CTG"]
[BlackEngine "BrainFish_180113_x64_modern_CTG"]
[EventType "Swiss"]
[WhiteTeam ""]
[BlackTeam ""]
[PlyCount "151"]
[TimeControl "720+1"]

1. e4 e5 2. Nf3 Nc6 3. Bc4 Bc5 4. O-O Nf6 5. d3 d6 6. c3 O-O 7. Nbd2 a5 
8. Re1 h6 9. Nf1 a4 10. Ng3 Ra5 11. h3 b5 12. b4 axb3 13. Bxb3 Be6 14. Rb1 Bb6 
15. d4 exd4 16. cxd4 d5 17. e5 Ne4 18. Rb2 Nxg3 19. fxg3 Bf5 20. Rbe2 Ne7 
21. Nh4 Ra6 22. Kh2 Bh7 23. Rf1 c5 24. Bxh6 gxh6 25. Rf6 cxd4 26. Bc2 Bxc2 
27. Rxc2 d3 28. Qxd3 Qb8 29. Qe2 Qa7 30. Rc1 Bd8 31. Qh5 Rxf6 32. exf6 Qe3 
33. fxe7 Qxc1 34. Qg4+ Qg5 35. exf8=R+ Kxf8 36. Qd7 Kg7 37. Nf5+ Kg6 
38. Nh4+ Kg7 39. Nf5+ Kg6 40. Nd6 Be7 41. Nxb5 h5 42. a4 h4 43. Qg4 Qxg4 
44. hxg4 hxg3+ 45. Kxg3 Bd8 46. Kf3 Kf6 47. Nd4 Bc7 48. Nb3 Ke5 49. a5 Kd6 
50. a6 Kc6 51. Nc5 Bb8 52. Nd3 f6 53. Nf4 Kd6 54. Ne2 Kc5 55. Ng3 Kb6 
56. Nh5 Kc7 57. Nxf6 Kd6 58. g5 Ke6 59. Ng4 Kf5 60. g6 Kxg6 61. Ne5+ Bxe5 
62. a7 Kf5 63. a8=Q Ke6 64. Qc6+ Bd6 65. Ke3 Ke5 66. Qe8+ Kf5 67. Kd4 Bb4 
68. Kxd5 Bd2 69. Qe5+ Kg4 70. Ke4 Bc1 71. Qf5+ Kg3 72. Qf3+ Kh2 73. Qh3+ Kg1 
74. Kf3 Bb2 75. g3 Ba1 76. Qg2# 1-0

[Event "Monday 15 January Rapid Engine Tour 12+1 Rounds 9 Starts 1600 ST"]
[Site "Infinity Chess"]
[Date "2018.1.15"]
[Round "3"]
[White "ivrdurant"]
[Black "IronMan"]
[Result "1/2-1/2"]
[ECO "C55"]
[WhiteElo "2402"]
[BlackElo "2369"]
[WhiteEngine "Raubfisch X37b1._CTG"]
[BlackEngine "Eman 1.58 64-bit BMI2"]
[EventType "Swiss"]
[WhiteTeam ""]
[BlackTeam ""]
[PlyCount "100"]
[TimeControl "720+1"]

1. e4 e5 2. Nf3 Nc6 3. Bc4 Nf6 4. d3 Bc5 5. O-O h6 6. c3 d6 7. Nbd2 O-O 
8. Re1 Bb6 9. Bb3 a5 10. h3 Be6 11. Ba4 Ne7 12. Bc2 Qc8 13. Nf1 Ng6 14. d4 a4 
15. Ng3 c5 16. Bxa4 exd4 17. cxd4 cxd4 18. Bb3 Ne5 19. Bf4 Ba5 20. Rf1 Bxb3 
21. axb3 Nxf3+ 22. Qxf3 Qe6 23. Nf5 Qxe4 24. Bxd6 Qxf3 25. gxf3 Rfe8 
26. Rfd1 Bb6 27. Rxa8 Rxa8 28. Nxd4 Bxd4 29. Rxd4 Rd8 30. Kf1 Kh7 31. Ke2 Ne8 
32. Bc5 Rxd4 33. Bxd4 Kg6 34. Kd3 Kg5 35. Kc4 Kh4 36. Kc5 Kxh3 37. Kb6 h5 
38. Kxb7 Kg2 39. Kc6 h4 40. b4 f6 41. b5 h3 42. b6 Nd6 43. Kxd6 h2 44. b7 h1=Q 
45. Ba7 Qd1+ 46. Ke7 Qe2+ 47. Kf8 Qxb2 48. b8=Q Qxb8+ 49. Bxb8 Kxf3 
50. Kxg7 Kxf2 1/2-1/2

[Event "Monday 15 January Rapid Engine Tour 12+1 Rounds 9 Starts 1600 ST"]
[Site "Infinity Chess"]
[Date "2018.1.15"]
[Round "3"]
[White "tris77"]
[Black "ocirema"]
[Result "1/2-1/2"]
[ECO "B90"]
[WhiteElo "2220"]
[BlackElo "2423"]
[WhiteEngine "Raubfisch X37b_CTG"]
[BlackEngine "stockfish_18011309_x64_modern_CTG"]
[EventType "Swiss"]
[WhiteTeam ""]
[BlackTeam ""]
[PlyCount "108"]
[TimeControl "720+1"]

1. e4 c5 2. Nf3 d6 3. d4 cxd4 4. Nxd4 Nf6 5. Nc3 a6 6. Be3 e5 7. Nb3 Be6 
8. f3 h5 9. Qd2 Nbd7 10. Nd5 Nxd5 11. exd5 Bf5 12. Na5 Qc7 13. Rc1 Be7 
14. Bd3 Bxd3 15. cxd3 Qb8 16. d4 Bh4+ 17. g3 Bf6 18. dxe5 Nxe5 19. O-O O-O 
20. b3 Re8 21. Kg2 Re7 22. Rfe1 h4 23. f4 h3+ 24. Kf2 Ng4+ 25. Kf3 Nxe3 
26. Rxe3 Qd8 27. Nc4 b5 28. Rxe7 Qxe7 29. Ne3 g6 30. Rc6 Re8 31. Qd3 Bb2 
32. Rxa6 Bc1 33. Nc2 f5 34. Kf2 Bb2 35. Ne3 Bc1 36. Nc2 Bb2 37. Ne3 Bg7 
38. Rc6 Qf6 39. Rc2 Re4 40. Rc8+ Kh7 41. Rc2 Qe7 42. Re2 Bd4 43. Kf3 Qf7 
44. Nc2 Rxf4+ 45. gxf4 Qxd5+ 46. Re4 fxe4+ 47. Qxe4 Qh5+ 48. Kg3 Bf6 
49. Ne3 Bh4+ 50. Kxh3 Be1+ 51. Kg2 Qe2+ 52. Kh3 Qh5+ 53. Kg2 Qe2+ 54. Kh3 Qh5+ 
1/2-1/2

[Event "Monday 15 January Rapid Engine Tour 12+1 Rounds 9 Starts 1600 ST"]
[Site "Infinity Chess"]
[Date "2018.1.15"]
[Round "3"]
[White "RonWeasley"]
[Black "MarioDeMonti"]
[Result "1/2-1/2"]
[ECO "B95"]
[WhiteElo "2443"]
[BlackElo "2426"]
[WhiteEngine "BrainFish 130117_CTG"]
[BlackEngine "stockfish_x64_bmi2_2018_01_01_CTG"]
[EventType "Swiss"]
[WhiteTeam ""]
[BlackTeam ""]
[PlyCount "55"]
[TimeControl "720+1"]

1. e4 c5 2. Nf3 d6 3. d4 cxd4 4. Nxd4 Nf6 5. Nc3 a6 6. Bg5 e6 7. Qf3 Be7 
8. O-O-O Qc7 9. Bd3 Nbd7 10. Qg3 b5 11. Rhe1 h6 12. Bd2 b4 13. Nce2 Rb8 
14. Nf4 Nc5 15. Qxg7 Rg8 16. Qxh6 Ng4 17. Qh7 Nf6 18. Qh4 e5 19. Kb1 Nxd3 
20. cxd3 b3 21. Nxb3 exf4 22. Bxf4 Ng4 23. Qh7 Nf6 24. Qh6 Rg6 25. Qh8+ Rg8 
26. Qh6 Ng4 27. Qh7 Nf6 28. Qh6 1/2-1/2

[Event "Monday 15 January Rapid Engine Tour 12+1 Rounds 9 Starts 1600 ST"]
[Site "Infinity Chess"]
[Date "2018.1.15"]
[Round "3"]
[White "THE_MACHINE"]
[Black "Dovahkiin"]
[Result "1-0"]
[ECO "B03"]
[WhiteElo "2484"]
[BlackElo "2403"]
[WhiteEngine "Houdini 6"]
[BlackEngine "BrainFish_180113_x64_modern_CTG"]
[EventType "Swiss"]
[WhiteTeam ""]
[BlackTeam ""]
[PlyCount "159"]
[TimeControl "720+1"]

1. e4 Nf6 2. e5 Nd5 3. d4 d6 4. c4 Nb6 5. f4 dxe5 6. fxe5 Bf5 7. Nc3 e6 
8. Nf3 Nc6 9. Be3 Be7 10. Be2 O-O 11. O-O f6 12. exf6 Bxf6 13. b3 Qe8 
14. Qe1 Qe7 15. Rd1 Rad8 16. h3 Bg6 17. Kh1 Nb4 18. Bg1 a6 19. a3 Nc2 
20. Qg3 Nxa3 21. Bd3 Bxd3 22. Rxd3 Nc8 23. Rc1 Nd6 24. Qe1 a5 25. Bh2 Rde8 
26. Qe2 b5 27. c5 Nf7 28. Ne4 Rc8 29. Nxf6+ Qxf6 30. Re3 Qh6 31. Re1 Qg6 
32. Rxe6 Qc2 33. d5 Qxc5 34. Ne5 Nc2 35. Nxf7 Rxf7 36. Bg1 Nd4 37. Qg4 h5 
38. Re8+ Rxe8 39. Rxe8+ Rf8 40. Rxf8+ Kxf8 41. Qf4+ Kg8 42. Qe5 Qd6 43. Qxd4 Qe7 
44. Qa7 Qd7 45. Qc5 a4 46. bxa4 bxa4 47. Bh2 a3 48. Qxa3 Qxd5 49. Bxc7 Kf7 
50. Qf3+ Qxf3 51. gxf3 Kg6 52. Be5 h4 53. Bxg7 Kxg7 54. f4 Kf6 55. Kg2 Ke6 
56. Kf3 Kf5 57. Ke3 Kf6 58. Ke4 Kg7 59. f5 Kh6 60. f6 Kg6 61. Ke5 Kf7 
62. Kf5 Kf8 63. Kg4 Kf7 64. Kg5 Kf8 65. Kxh4 Kg8 66. Kg5 Kf8 67. h4 Kf7 
68. h5 Kf8 69. h6 Kg8 70. h7+ Kxh7 71. Kf5 Kg8 72. Ke6 Kh7 73. f7 Kg7 
74. Ke7 Kg6 75. f8=Q Kg5 76. Qf2 Kg4 77. Kf6 Kh3 78. Qg1 Kh4 79. Qg2 Kh5 
80. Qh3# 1-0

[Event "Monday 15 January Rapid Engine Tour 12+1 Rounds 9 Starts 1600 ST"]
[Site "Infinity Chess"]
[Date "2018.1.15"]
[Round "3"]
[White "Satria_Ungu"]
[Black "CrapCleaner"]
[Result "1/2-1/2"]
[ECO "C50"]
[WhiteElo "2425"]
[BlackElo "2415"]
[WhiteEngine "Houdini 6"]
[BlackEngine "komodo-11.01-64bit_CTG"]
[EventType "Swiss"]
[WhiteTeam ""]
[BlackTeam ""]
[PlyCount "131"]
[TimeControl "720+1"]

1. e4 e5 2. Nf3 Nc6 3. Bc4 Bc5 4. O-O Nf6 5. d3 d6 6. c3 a5 7. Bg5 Ba7 
8. Nbd2 h6 9. Bh4 O-O 10. Bb3 g5 11. Bg3 Be6 12. Re1 Bxb3 13. Nxb3 a4 
14. Nbd2 Ne8 15. h3 Ng7 16. b4 axb3 17. Qxb3 Qd7 18. a4 Kh8 19. a5 f5 
20. exf5 Nxf5 21. Bh2 Nh4 22. Rf1 Ng6 23. d4 exd4 24. cxd4 Nxd4 25. Qxb7 g4 
26. hxg4 Ne2+ 27. Kh1 Qxg4 28. Qb2+ Kh7 29. Qc2 Kh8 30. a6 Ngf4 31. Ne1 Qh5 
32. Ra3 Bc5 33. Qb2+ Kh7 34. Qb1+ Qg6 35. Qxg6+ Nxg6 36. Ra4 Bxf2 37. Nd3 Bb6 
38. Rxf8 Nxf8 39. Ne4 Kg6 40. Ra2 d5 41. Nec5 Nc3 42. Ra1 Kf7 43. Rf1+ Kg8 
44. Rf6 Ne4 45. Rc6 Nxc5 46. Nxc5 d4 47. Bxc7 Bxc5 48. Rxc5 Rxa6 49. Rd5 Kf7 
50. Rxd4 Ra1+ 51. Kh2 Ne6 52. Rc4 Ra6 53. Be5 Ra5 54. Bc3 Rd5 55. Rc8 Rg5 
56. Rc6 Rg4 57. Kh1 h5 58. Kh2 Nf4 59. Rc7+ Ke8 60. g3 Nd5 61. Rc8+ Kd7 
62. Rh8 Nxc3 63. Rxh5 Ra4 64. Kh3 Ne4 65. g4 Ke6 66. Rb5 1/2-1/2

[Event "Monday 15 January Rapid Engine Tour 12+1 Rounds 9 Starts 1600 ST"]
[Site "Infinity Chess"]
[Date "2018.1.15"]
[Round "3"]
[White "SkyPilot"]
[Black "Coco69"]
[Result "1/2-1/2"]
[ECO "C55"]
[WhiteElo "2432"]
[BlackElo "2426"]
[WhiteEngine "stockfish_x64_bmi2_2018_01_01_CTG"]
[BlackEngine "asmfishw_2018-01-12_base_CTG"]
[EventType "Swiss"]
[WhiteTeam ""]
[BlackTeam ""]
[PlyCount "64"]
[TimeControl "720+1"]

1. e4 e5 2. Nf3 Nc6 3. Bc4 Nf6 4. d3 Bc5 5. c3 a5 6. O-O d6 7. Re1 O-O 
8. Nbd2 Be6 9. Bb5 Ne7 10. d4 Ba7 11. Nf1 exd4 12. Nxd4 Ng6 13. Ba4 h6 
14. Nxe6 fxe6 15. Be3 Bxe3 16. Nxe3 Kh8 17. Bb5 Nh7 18. a4 Ne5 19. Be2 Qf6 
20. Rf1 Qf4 21. Qd4 Nc6 22. Qd3 Ne5 23. Qd4 Nf6 24. f3 Nh5 25. g3 Nxg3 
26. hxg3 Qxg3+ 27. Ng2 Rf4 28. Qf2 Qg5 29. Kh1 Qh5+ 30. Kg1 Qg5 31. Kh1 Qh5+ 
32. Kg1 Qg5 1/2-1/2

[Event "Monday 15 January Rapid Engine Tour 12+1 Rounds 9 Starts 1600 ST"]
[Site "Infinity Chess"]
[Date "2018.1.15"]
[Round "3"]
[White "KULLANI"]
[Black "Vimtiroba"]
[Result "1/2-1/2"]
[ECO "C50"]
[WhiteElo "2437"]
[BlackElo "2471"]
[WhiteEngine "BrainFish_180106_x64_CTG"]
[BlackEngine "Corchess 2.0_CTG"]
[EventType "Swiss"]
[WhiteTeam ""]
[BlackTeam ""]
[PlyCount "128"]
[TimeControl "720+1"]

1. e4 e5 2. Nf3 Nc6 3. Bc4 Bc5 4. O-O Nf6 5. d3 d6 6. c3 a5 7. Re1 O-O 
8. Nbd2 Ba7 9. Nf1 Be6 10. Bb3 h6 11. Bc2 Re8 12. Ba4 Bd7 13. Ng3 Ne7 
14. Bxd7 Qxd7 15. d4 Ng6 16. Be3 Qc6 17. Rc1 Qa6 18. Qd2 Ng4 19. Nf5 a4 
20. h3 Nxe3 21. Rxe3 Qc4 22. a3 Qe6 23. Rce1 b5 24. Qd3 Rab8 25. g3 Qd7 
26. Kg2 Ne7 27. Nxe7+ Rxe7 28. R3e2 exd4 29. cxd4 c5 30. d5 c4 31. Qc3 Bc5 
32. Nh4 g6 33. Nf3 Rf8 34. Qf6 Ree8 35. h4 Qd8 36. Qc3 Bb6 37. Qc2 Re7 
38. Qd2 Kh7 39. Qf4 f6 40. h5 g5 41. Qf5+ Kh8 42. Nh2 Qd7 43. Qf3 f5 44. e5 Rxe5 
45. Qc3 Kg8 46. Rxe5 dxe5 47. Qxe5 Bc5 48. Nf3 f4 49. Qe6+ Qxe6 50. Rxe6 g4 
51. Rg6+ Kh7 52. Rxg4 fxg3 53. fxg3 Rf5 54. Nd4 Rxd5 55. Nxb5 Rd2+ 56. Kh3 Rxb2 
57. Nc3 Bxa3 58. Rxc4 Rc2 59. Rc7+ Kg8 60. Rc4 Kh8 61. Rc8+ Kg7 62. Rc4 Kh7 
63. Rc7+ Kg8 64. Rc4 Kh7 1/2-1/2

[Event "Monday 15 January Rapid Engine Tour 12+1 Rounds 9 Starts 1600 ST"]
[Site "Infinity Chess"]
[Date "2018.1.15"]
[Round "3"]
[White "Katzenmaier"]
[Black "Marsell"]
[Result "1/2-1/2"]
[ECO "C26"]
[WhiteElo "2479"]
[BlackElo "2487"]
[WhiteEngine "S_XPrO.251117.x64.POPCNT_CTG"]
[BlackEngine "asmFishW_2018-01-11_popcnt"]
[EventType "Swiss"]
[WhiteTeam ""]
[BlackTeam ""]
[PlyCount "96"]
[TimeControl "720+1"]

1. e4 e5 2. Nc3 Nf6 3. g3 Bc5 4. Bg2 Nc6 5. d3 a5 6. Nge2 d6 7. O-O O-O 8. h3 h6 
9. Kh2 Nd4 10. f4 Bd7 11. f5 c6 12. Nxd4 Bxd4 13. Qe2 b5 14. Nd1 Qc7 15. c3 Ba7 
16. g4 Kh7 17. Qe1 Rh8 18. Be3 Bc8 19. a3 Ba6 20. Nf2 Nd7 21. h4 Bxe3 
22. Qxe3 Qb6 23. Qe2 g5 24. hxg5 hxg5 25. Rh1 Kg7+ 26. Kg3 Rxh1 27. Rxh1 a4 
28. Rh5 f6 29. Qd1 Rh8 30. b4 c5 31. Qb1 Bb7 32. Bf3 Nf8 33. bxc5 dxc5 
34. Kg2 Bc6 35. d4 exd4 36. Rxh8 Kxh8 37. cxd4 Nd7 38. Qh1+ Kg7 39. d5 Bb7 
40. Qh5 Ne5 41. Qe8 Qd6 42. Qxb5 Ba6 43. Qe8 Nxf3 44. Kxf3 Bf1 45. Qg6+ Kh8 
46. Qe8+ Kg7 47. Qg6+ Kh8 48. Qe8+ Kg7 1/2-1/2

[Event "Monday 15 January Rapid Engine Tour 12+1 Rounds 9 Starts 1600 ST"]
[Site "Infinity Chess"]
[Date "2018.1.15"]
[Round "3"]
[White "Harry_Potter"]
[Black "hafaba"]
[Result "1/2-1/2"]
[ECO "A10"]
[WhiteElo "2513"]
[BlackElo "2401"]
[WhiteEngine "Stockfish_18011309_x64_bmi2_CTG"]
[BlackEngine "Stockfish SL 07012018 POPCNT_CTG"]
[EventType "Swiss"]
[WhiteTeam ""]
[BlackTeam ""]
[PlyCount "125"]
[TimeControl "720+1"]

1. c4 d6 2. d4 e5 3. Nf3 e4 4. Nfd2 f5 5. e3 g6 6. b4 Bg7 7. Be2 Nf6 8. O-O O-O 
9. Nc3 Be6 10. a4 c6 11. b5 c5 12. Nb3 Nbd7 13. a5 Bf7 14. a6 b6 15. Ra2 Rc8 
16. Ba3 g5 17. Qd2 h5 18. Rd1 h4 19. Rc2 g4 20. g3 Kh7 21. Bf1 Qe7 22. Ne2 Nh5 
23. Qc1 Rfd8 24. Rcd2 Qg5 25. Nf4 hxg3 26. fxg3 d5 27. dxc5 Ne5 28. Rxd5 Bxd5 
29. Nxd5 Qh6 30. Bg2 bxc5 31. Bb2 Nd3 32. Bxg7 Nxg7 33. Rxd3 exd3 34. Qd2 Rxd5 
35. Bxd5 Re8 36. Kf1 Rxe3 37. b6 Qxb6 38. Qxe3 Qxb3 39. Bf7 Qd1+ 40. Qe1 Qc2 
41. Qe7 Qxh2 42. Qg5 Qh1+ 43. Kf2 Qf3+ 44. Kg1 Qxg3+ 45. Kf1 Qf3+ 46. Kg1 Qd1+ 
47. Kg2 Qe2+ 48. Kg1 Qd1+ 49. Kg2 Qc2+ 50. Kg1 Qb1+ 51. Kf2 Qa2+ 52. Kf1 Qxa6 
53. Qh4+ Nh5 54. Qxh5+ Kg7 55. Qxf5 Qa1+ 56. Kg2 Qf6 57. Be6 Qxf5 58. Bxf5 Kf6 
59. Bxd3 a5 60. Bc2 Ke5 61. Kg3 Kd4 62. Kxg4 Kc3 63. Bd1 1/2-1/2

[Event "Monday 15 January Rapid Engine Tour 12+1 Rounds 9 Starts 1600 ST"]
[Site "Infinity Chess"]
[Date "2018.1.15"]
[Round "3"]
[White "OlivierEvan"]
[Black "angriff"]
[Result "1/2-1/2"]
[ECO "A40"]
[WhiteElo "2411"]
[BlackElo "2461"]
[WhiteEngine "Houdini 6"]
[BlackEngine "SF_64BIT_POPCNT_CTG"]
[EventType "Swiss"]
[WhiteTeam ""]
[BlackTeam ""]
[PlyCount "128"]
[TimeControl "720+1"]

1. d4 c6 2. e4 d5 3. e5 c5 4. dxc5 e6 5. Be3 Nd7 6. Nc3 Ne7 7. Nf3 Nc6 
8. Bb5 Bxc5 9. Bxc5 Nxc5 10. O-O O-O 11. Re1 Qc7 12. Qe2 a6 13. Bd3 Nxd3 
14. cxd3 Bd7 15. Qe3 Rfc8 16. g3 Ne7 17. Qd2 h6 18. Kg2 Bc6 19. d4 a5 
20. Rec1 Qd8 21. h3 a4 22. h4 Qa5 23. g4 Be8 24. h5 Rc4 25. Rab1 Rac8 26. a3 Qd8 
27. Rh1 Bd7 28. Nd1 Bb5 29. Ne3 R4c6 30. Rbg1 f6 31. exf6 gxf6 32. Nh4 Kh7 
33. Rh3 R6c7 34. Ng6 Qd6 35. Kh1 Ng8 36. Rh4 Be8 37. f4 Rg7 38. g5 Bxg6 
39. hxg6+ Rxg6 40. Ng4 Qf8 41. Qe3 Rc7 42. Rh5 Qf7 43. Rh3 Qg7 44. Rgg3 Qf8 
45. Rg2 b5 46. Rgg3 b4 47. axb4 Qxb4 48. Rg1 Qb3 49. Qxb3 axb3 50. Rxb3 hxg5 
51. fxg5 Kh8 52. gxf6 Rh7+ 53. Nh2 Rxf6 54. Rb8 Rg7 55. Re8 Rxg1+ 56. Kxg1 Kg7 
57. Kg2 Kf7 58. Ra8 Nh6 59. Nf3 Nf5 60. Ne5+ Ke7 61. Ra7+ Ke8 62. Ra8+ Ke7 
63. Ra7+ Ke8 64. Ra8+ Ke7 1/2-1/2

[Event "Monday 15 January Rapid Engine Tour 12+1 Rounds 9 Starts 1600 ST"]
[Site "Infinity Chess"]
[Date "2018.1.15"]
[Round "3"]
[White "Thinker"]
[Black "Neoxium"]
[Result "1/2-1/2"]
[ECO "C11"]
[WhiteElo "2475"]
[BlackElo "2475"]
[WhiteEngine "BrainFish_180113_x64_modern_CTG"]
[BlackEngine "SF SL FA-IDeA"]
[EventType "Swiss"]
[WhiteTeam ""]
[BlackTeam ""]
[PlyCount "135"]
[TimeControl "720+1"]

1. e4 e6 2. d4 d5 3. Nc3 Nf6 4. e5 Nfd7 5. f4 c5 6. Nf3 Nc6 7. Be3 Rb8 8. Qd2 a6 
9. Qf2 cxd4 10. Nxd4 Bc5 11. Nxc6 Bxe3 12. Nxd8 Bxf2+ 13. Kxf2 Kxd8 14. Bd3 g5 
15. g3 gxf4 16. gxf4 f6 17. exf6 Nxf6 18. Ke3 Bd7 19. Rhg1 Rf8 20. h3 Kc7 
21. Rg5 Rbd8 22. Ne2 h6 23. Rg7 Nh5 24. Rh7 d4+ 25. Kxd4 Nxf4 26. Nxf4 Rxf4+ 
27. Kc3 Rf3 28. h4 Rh3 29. b3 Rxh4 30. Re1 Kc8 31. a3 Kb8 32. a4 Bc8 
33. Re4 Rxe4 34. Bxe4 a5 35. Rxh6 b6 36. Bf3 Kc7 37. Kb2 Bd7 38. Bg4 Kd6 
39. Kc3 Rg8 40. Be2 Rg3+ 41. Kb2 Rg2 42. Bf3 Rg8 43. Be2 Rg5 44. Bd3 Bc6 
45. Bc4 Re5 46. Ka3 Be4 47. Kb2 Bf5 48. c3 Re1 49. b4 axb4 50. cxb4 Rb1+ 
51. Ka3 Ra1+ 52. Ba2 Kc7 53. a5 bxa5 54. bxa5 Kc6 55. Kb2 Rd1 56. a6 Kc7 
57. Bc4 Rb1+ 58. Ka3 Rd1 59. Rh2 Ra1+ 60. Kb2 Rb1+ 61. Ka2 Rb4 62. Be2 Kb6 
63. Rh8 Ra4+ 64. Kb3 Rxa6 65. Bxa6 Kxa6 66. Rb8 Bh7 67. Re8 Kb5 68. Kc3 1/2-1/2

[Event "Monday 15 January Rapid Engine Tour 12+1 Rounds 9 Starts 1600 ST"]
[Site "Infinity Chess"]
[Date "2018.1.15"]
[Round "2"]
[White "IronMan"]
[Black "THE_MACHINE"]
[Result "1/2-1/2"]
[ECO "D30"]
[WhiteElo "2364"]
[BlackElo "2489"]
[WhiteEngine "Eman 1.58 64-bit BMI2"]
[BlackEngine "Houdini 6"]
[EventType "Swiss"]
[WhiteTeam ""]
[BlackTeam ""]
[PlyCount "119"]
[TimeControl "720+1"]

1. d4 d5 2. c4 e6 3. Nf3 Nf6 4. Nc3 c6 5. Qb3 dxc4 6. Qxc4 b5 7. Qd3 Nbd7 
8. a3 b4 9. axb4 Bxb4 10. e4 Bb7 11. Be2 c5 12. e5 Nd5 13. O-O a5 14. Rd1 Qb6 
15. Bf1 c4 16. Qd2 O-O 17. Bxc4 Bxc3 18. bxc3 Rfc8 19. Qd3 h6 20. Bxd5 Bxd5 
21. Nd2 Qc6 22. Ra3 Nb6 23. Qe2 Rab8 24. Qg4 a4 25. c4 Nxc4 26. Nxc4 Rb1 
27. Be3 Rxd1+ 28. Qxd1 Qxc4 29. Rxa4 Qc7 30. Ra1 Qb7 31. f3 Rc3 32. Rb1 Qa6 
33. Qd2 Qa3 34. Kf2 Kh7 35. Rc1 Rd3 36. Qc2 Be4 37. Qc5 Qb3 38. Qc4 Qa3 
39. fxe4 Rxe3 40. Qc2 Rb3 41. Rb1 Rc3 42. Qb2 Qa5 43. Rd1 Qc7 44. Qe2 f6 
45. exf6 Rc2 46. Rd2 Qf4+ 47. Ke1 Rxd2 48. Qxd2 Qxe4+ 49. Kd1 gxf6 50. Qc2 Qxc2+ 
51. Kxc2 Kg6 52. Kd3 Kf5 53. Ke3 h5 54. Kd3 Kf4 55. d5 exd5 56. Kd4 h4 
57. Kxd5 Kf5 58. Kd6 Kg4 59. Ke6 h3 60. gxh3+ 1/2-1/2